AoeStats
← BSHammer

MegaRandom

507616108Analyzed
4v4 RM · 14d ago on Sep 19, 2026· 70m 42s· 8 players
Game mode
Random Map
Map size
Large (8 player)
Population
200
Speed
Normal
Resources
Standard
Victory
Conquest
Starting age
Dark Age
Ending age
Imperial Age
RankedLock teamsTeams togetherTeam positionsShared explorationLock speedFull tech treeHidden civsTurbo modeCheats
Victory
Defeat
🇺🇸 Wei · United States
1625
+9
🇨🇦 Turks · Canada
1547
+12
🇺🇸 Byzantines · United States
1480
+16
🇻🇪 Cumans · Venezuela
1345
+21
🇺🇸 Shu · United States
1629
-20
🇺🇸 Vikings · United States
1604
-19
🇺🇸 Bengalis · United States
1530
-16
🇺🇸 Gurjaras · United States
1039
-13
BucketsTTP
1:22 Loom
7:01 Loom
9:46 Feudal Age
10:13 Double-Bit Axe
10:15 Horse Collar
16:47 Fletching
21:00 Castle Age
19:33 Padded Archer Armor
20:00 Gold Mining
21:10 Bloodlines
21:58 Bow Saw
21:52 Husbandry
22:47 Bodkin Arrow
23:38 Leather Archer Armor
25:50 Ballistics
37:11 Imperial Age
37:02 Wheelbarrow
36:43 Thumb Ring
37:05 Heavy Plow
38:19 Parthian Tactics
38:02 Bracer
38:25 Stone Mining
40:56 Ring Archer Armor
43:13 Wheelbarrow
43:56 Conscription
44:03 Ming Guang Armor
44:40 Hand Cart
44:57 Town Watch
47:05 Chemistry
47:40 Tuntian
52:00 Scale Barding Armor
52:02 Treadmill Crane
53:23 Crop Rotation
53:08 Light Cavalry
54:09 Chain Barding Armor
54:31 Hoardings
54:38 Forging
54:31 Hussar
55:58 Stone Shaft Mining
55:56 Guard Tower
57:18 Iron Casting
58:07 Hoardings
59:12 Masonry
61:05 Gold Shaft Mining
61:12 Keep
62:56 Murder Holes
63:41 Caravan
70:02 Blast Furnace
69:14 Fortified Wall
IVIUSTANG
7:34 Loom
9:53 Feudal Age
10:22 Double-Bit Axe
10:30 Horse Collar
19:14 Scale Barding Armor
21:03 Forging
24:35 Wheelbarrow
25:04 Bloodlines
25:56 Fletching
36:46 Castle Age
37:45 Bow Saw
37:35 Town Watch
41:36 Hand Cart
43:10 Heavy Plow
45:03 Gold Mining
45:20 Bodkin Arrow
45:27 Padded Archer Armor
46:48 Ballistics
47:27 Thumb Ring
47:45 Leather Archer Armor
51:38 Imperial Age
50:52 Sipahi
51:20 Husbandry
51:30 Town Patrol
52:25 Bracer
52:56 Parthian Tactics
51:54 Heavy Cavalry Archer
54:19 Ring Archer Armor
54:53 Coinage
55:03 Masonry
55:57 Conscription
57:10 Hoardings
57:41 Banking
60:21 Chain Barding Armor
60:36 Iron Casting
60:19 Caravan
61:52 Architecture
64:15 Plate Barding Armor
64:41 Blast Furnace
63:38 Treadmill Crane
2rich4u81
7:06 Loom
10:12 Feudal Age
11:29 Double-Bit Axe
17:19 Fletching
17:30 Padded Archer Armor
20:54 Horse Collar
23:48 Gold Mining
26:16 Castle Age
26:23 Crossbowman
27:09 Thumb Ring
27:38 Bow Saw
27:47 Bodkin Arrow
30:12 Ballistics
31:52 Leather Archer Armor
37:31 Elite Skirmisher
45:17 Imperial Age
43:24 Wheelbarrow
45:32 Stone Mining
52:57 Chemistry
56:55 Two-Man Saw
56:14 Hand Cart
56:41 Squires
58:48 Bracer
59:28 Ring Archer Armor
59:22 Pikeman
61:16 Bracer
61:18 Scale Mail Armor
61:28 Forging
63:09 Caravan
64:55 Scale Barding Armor
66:09 Chain Mail Armor
69:01 Plate Mail Armor
Janu G
7:41 Loom
10:06 Feudal Age
10:51 Double-Bit Axe
13:29 Horse Collar
19:12 Scale Barding Armor
19:17 Forging
23:04 Bloodlines
30:23 Castle Age
28:11 Town Watch
29:27 Gold Mining
31:15 Bow Saw
31:28 Chain Barding Armor
33:27 Iron Casting
45:16 Imperial Age
42:16 Light Cavalry
46:50 Plate Barding Armor
46:27 Elite Steppe Lancer
46:44 Elite Steppe Lancer
48:27 Blast Furnace
48:27 Pikeman
49:57 Scale Mail Armor
49:58 Squires
50:54 Halberdier
52:23 Chain Mail Armor
55:08 Plate Mail Armor
57:27 Fletching
58:52 Caravan
61:08 Wheelbarrow
63:07 Two-Man Saw
62:09 Heavy Plow
63:58 Conscription
65:49 Hussar
66:26 Bodkin Arrow
69:55 Capped Ram
Lucas Ducas
7:54 Loom
10:00 Feudal Age
10:33 Double-Bit Axe
15:12 Gold Mining
15:29 Horse Collar
16:59 Fletching
19:06 Padded Archer Armor
20:21 Town Watch
23:29 Castle Age
24:06 Bodkin Arrow
23:32 Crossbowman
24:10 Horse Collar
24:58 Leather Archer Armor
25:15 Ballistics
25:44 Heavy Plow
25:57 Bow Saw
28:55 Gold Shaft Mining
28:25 Heavy Plow
28:31 Stone Mining
36:12 Imperial Age
35:17 Town Patrol
36:21 Masonry
35:52 Treadmill Crane
36:24 Masonry
36:58 Bracer
37:59 Chemistry
37:51 Conscription
38:35 Ring Archer Armor
38:26 Arbalester
41:16 Architecture
41:45 Bogsveigar
44:41 Coinage
46:28 Architecture
47:13 Scale Mail Armor
47:13 Squires
47:25 Forging
46:38 Elite Berserk
48:18 Chain Mail Armor
50:22 Plate Mail Armor
50:46 Chieftains
52:16 Hoardings
52:44 Forging
53:52 Caravan
53:36 Elite Skirmisher
56:19 Iron Casting
56:29 Murder Holes
59:38 Crop Rotation
61:12 Banking
63:18 Blast Furnace
70:13 Siege Engineers
71:31 Two-Man Saw
koriko9397
6:51 Loom
9:20 Feudal Age
11:14 Fletching
13:16 Double-Bit Axe
19:37 Horse Collar
26:44 Castle Age
25:12 Padded Archer Armor
25:26 Gold Mining
26:48 Crossbowman
27:56 Bodkin Arrow
30:02 Bow Saw
43:12 Elite Skirmisher
45:46 Thumb Ring
50:11 Wheelbarrow
49:21 Town Watch
55:13 Imperial Age
54:09 Leather Archer Armor
55:17 Arbalester
56:02 Bracer
57:47 Conscription
59:59 Hand Cart
61:54 Chemistry
61:02 Pikeman
61:42 Squires
61:48 Halberdier
63:13 Scale Mail Armor
63:24 Forging
64:45 Ballistics
70:22 Scale Mail Armor
70:33 Forging
BSHammer
4:55 Loom
10:16 Feudal Age
17:04 Scale Barding Armor
18:55 Forging
20:27 Wheelbarrow
24:18 Castle Age
24:13 Horse Collar
24:19 Double-Bit Axe
26:25 Husbandry
29:09 Chain Barding Armor
32:27 Bloodlines
42:50 Fletching
44:02 Iron Casting
46:23 Fortified Wall
46:39 Bodkin Arrow
47:32 Padded Archer Armor
51:40 Imperial Age
50:20 Bow Saw
50:49 Leather Archer Armor
52:02 Gold Mining
52:02 Stone Mining
52:02 Gold Mining
52:48 Conscription
53:20 Paiks
52:38 Elite Ratha (Ranged)
55:22 Light Cavalry
57:10 Ballistics
57:51 Chemistry
57:55 Ring Archer Armor
58:13 Hand Cart
57:58 Elite Skirmisher
59:26 Bracer
60:13 Mahayana
60:58 Caravan
64:24 Elite Elephant Archer
pyzaist
0:32 Loom
10:11 Feudal Age
10:49 Town Watch
10:51 Horse Collar
11:53 Double-Bit Axe
13:40 Wheelbarrow
22:41 Forging
24:56 Castle Age
22:54 Stone Mining
22:54 Gold Mining
25:45 Bloodlines
25:46 Scale Barding Armor
27:57 Husbandry
30:53 Iron Casting
30:38 Hand Cart
41:35 Heavy Plow
52:01 Bow Saw
56:47 Fletching
56:59 Padded Archer Armor
58:51 Bodkin Arrow
60:01 Scale Mail Armor
62:19 Leather Archer Armor
69:49 Imperial Age
Connection lost

Rejoining the realm…

Still unreachable

The connection could not be restored.

Session expired

The server has moved on; the page needs a fresh start.